 Dungeon Crawl Stone Soup version 0.28.0-49-g6dfe1f597d (webtiles) character file.

Game seed: 13267618020143214447

1537 issech the Cudgeller (level 8, -2/79 HPs)
             Began as a Troll Monk on May 12, 2022.
             Succumbed to a killer bee's poison
             ... on level 6 of the Dungeon.
             The game lasted 00:15:14 (4483 turns).

issech the Cudgeller (Troll Monk)                   Turns: 4483, Time: 00:15:15

Health: -2/79      AC:  5    Str: 20    XL:     8   Next: 56%
Magic:  7/7        EV: 11    Int:  9    God:
Gold:   236        SH:  0    Dex: 14    Spells: 7/7 levels left

rFire   . . .      SeeInvis +   C - +0 morningstar
rCold   + . .      Faith    .   (no shield)
rNeg    . . .      Spirit   .   y - +1 robe of the Ward {Int+3 SInv}
rPois   .          Reflect  .   (helmet restricted)
rElec   .          Harm     .   (no cloak)
rCorr   .          Rampage  .   (gloves unavailable)
Will    .....                   (boots unavailable)
Stlth   ++........              (no amulet)
HPRegen 1.03/turn               x - ring of protection from cold
MPRegen 0.10/turn               (no ring)

@: lethally poisoned (-2 -> -12)
A: large, unfitting armour, claws 3, regeneration 1, shaggy fur 1, tough skin 1
a: no special abilities


You were on level 6 of the Dungeon.
You visited 1 branch of the dungeon, and saw 6 of its levels.

You collected 236 gold pieces.

Inventory:

Hand Weapons
 a - a +0 mace
 k - a +2 hand axe of electrocution
 m - a +0 dagger of speed
 z - a +0 giant club
 B - a +0 vorpal hunting sling
 C - a +0 morningstar (weapon)
Missiles
 d - 39 sling bullets
 g - 155 stones
 i - 8 poisoned darts
 q - 61 arrows
Armour
 b - a +0 robe
 y - the +1 robe of the Ward (worn) {Int+3 SInv}
   (You found it on level 5 of the Dungeon)

   Int:       It affects your intelligence (+3).
   SInv:      It lets you see invisible.
Magical Staves
 j - a staff of poison
Jewellery
 x - a ring of protection from cold (left claw)
Wands
 A - a wand of charming (12) (quivered)
Scrolls
 c - a scroll of fog
 f - a scroll of identify
 p - a scroll of brand weapon
 r - a scroll of magic mapping
 s - 2 scrolls of teleportation
 t - a scroll of enchant weapon
 w - a scroll of immolation
 E - 3 scrolls of amnesia {unknown}
Potions
 e - 2 potions of heal wounds {unknown}
 h - 3 potions of curing {unknown}
 l - a potion of degeneration {unknown}
 n - 2 potions of brilliance {unknown}
 o - a potion of berserk rage {unknown}
 u - 2 potions of flight {unknown}
 v - 2 potions of mutation {unknown}
 D - a potion of attraction {unknown}


   Skills:
 + Level 4.5 Fighting
 + Level 3.3(4.8) Axes
 + Level 5.8(6.3) Maces & Flails
 + Level 1.1(1.6) Slings
 + Level 2.4(2.7) Throwing
 + Level 4.3 Dodging
 + Level 2.1 Stealth


You had 7 spell levels left.
You didn't know any spells.
Your spell library contained the following spells:

 Spells                   Type           Power      Damage    Failure   Level
 Freeze                   Ice            0%         1d3       38%         1
 Frozen Ramparts          Ice            0%         1d2       77%         3
 Gell's Gravitas          Tloc           0%         N/A       77%         3
 Teleport Other           Tloc           0%         N/A       77%         3
 Hailstorm                Conj/Ice       0%         3d3       99%         4
 Dispersal                Tloc           0%         N/A       100%        6


Dungeon Overview and Level Annotations

Branches:
Dungeon (6/15)
 Temple: D:4-7

Altars:
Ashenzari
Kikubaaqudgha
Qazlal


Innate Abilities, Weirdness & Mutations

You are too large for most types of armour.
You have claws for hands.
Your natural rate of healing is unusually fast.
You are covered in fur. (AC +1)
You have tough skin. (AC +1)


Message History

The killer bee is severely wounded.
You feel very sick. The killer bee stings you.
The killer bee barely misses you.
You barely miss the killer bee.
The killer bee is severely wounded.
You feel very sick. The killer bee stings you.
You are more poisoned.
The killer bee poisons you! The killer bee barely misses you.
You miss the killer bee.
The killer bee is severely wounded.
You feel very sick.
The killer bee stings you but does no damage.
The killer bee stings you! The killer bee stings you.
You are more poisoned.
The killer bee poisons you!
You closely miss the killer bee.
The killer bee is severely wounded.
You feel very sick.
The killer bee stings you but does no damage.
The killer bee stings you!
* * * LOW HITPOINT WARNING * * *
You hit the killer bee.
You claw the killer bee, but do no damage.
The killer bee is almost dead.
* * * LOW HITPOINT WARNING * * *
You feel very sick. The killer bee misses you. The killer bee stings you.
* * * LOW HITPOINT WARNING * * *
You are more poisoned.
The killer bee poisons you!
Aiming: Charm
Press: ? - help, Q - select action, (/) - cycle Shift-Dir - straight line, f/p - killer bee
Aim: a killer bee (almost dead, chance to affect: 57%)
The killer bee is charmed.
* * * LOW HITPOINT WARNING * * *
You feel very sick. The ufetubus hits your killer bee.
Your killer bee dies!
You die...

#.......##### .######## #...
#......................#######...
#.....#..#### ....####..[........
#...#.#..# ... #...........
#####.#..# #.# #...........
#....#..# #.# ##...........
#....##... +#.#+ ##............
#.... ..^###...###.............
..... .......8@...........##...
..... ..###...###........##...
[.... +#.#Z.##.......##... .....
#.#5..##......##... .....
##.##...#...........
##...##.(#...........
.####.....####.....†.....
....................#....
######.#######.....#....


You could see an ufetubus and a bullfrog skeleton.

Vanquished Creatures
  Sigmund (D:2)
  A steam dragon (D:6)
  A necrophage (D:6)
  2 black bears (D:6)
  An ogre (D:5)
  A phantom (D:6)
  3 scorpions (D:6)
  A wyvern skeleton (D:3)
  A bullfrog zombie (D:6)
  A centaur zombie (D:5)
  3 orc priests
  A hound (D:5)
  A jelly (D:6)
  A bullfrog skeleton (D:6)
  Natasha (twice) (D:4)
  An iguana (D:5)
  5 orc wizards
  4 adders
  A white imp (D:3)
  An adder skeleton (D:4)
  5 worms
  A dart slug (D:1)
  5 orcs
  8 bats
  9 endoplasms
  2 giant cockroaches
  5 goblins
  6 hobgoblins
  5 jackals
  11 kobolds
  3 quokkas
  5 ball pythons
  4 rats
102 creatures vanquished.

Vanquished Creatures (others)
  A killer bee (D:6)
  6 plants
7 creatures vanquished.

Grand Total: 109 creatures vanquished

Notes
Turn   | Place    | Note
-------+----------+-------------------------------------------
     0 | D:1      | issech the Troll Monk began the quest for the Orb.
     0 | D:1      | Reached XP level 1. HP: 22/22 MP: 0/0
   219 | D:1      | Found a faded altar of an unknown god.
   254 | D:1      | Reached XP level 2. HP: 26/29 MP: 1/1
   263 | D:1      | Reached skill level 3 in Maces & Flails
   861 | D:2      | Reached XP level 3. HP: 36/36 MP: 2/2
  1445 | D:2      | Reached XP level 4. HP: 42/44 MP: 3/3
  1457 | D:2      | Noticed Sigmund
  1515 | D:2      | Killed Sigmund
  1516 | D:2      | Reached skill level 1 in Axes
  1516 | D:2      | Reached skill level 4 in Maces & Flails
  1516 | D:2      | Reached XP level 5. HP: 43/53 MP: 4/4
  1784 | D:3      | Reached skill level 1 in Throwing
  1888 | D:3      | Reached XP level 6. HP: 34/61 MP: 5/5
  2329 | D:4      | Identified the +0 leather armour "Wech" {Harm rC+ rCorr}
  2622 | D:4      | Noticed Natasha
  2634 | D:4      | Killed Natasha
  2930 | D:4      | Noticed Natasha
  2947 | D:4      | Killed Natasha
  3036 | D:5      | Entered Level 5 of the Dungeon
  3044 | D:5      | Identified the +1 robe of the Ward {Int+3 SInv}
  3053 | D:5      | Reached XP level 7. HP: 67/67 MP: 6/6
  3507 | D:5      | Found an ancient bone altar of Kikubaaqudgha.
  3582 | D:5      | Found a broken altar of Ashenzari.
  3616 | D:5      | Found a stormy altar of Qazlal.
  3858 | D:6      | Reached skill level 1 in Slings
  4053 | D:6      | Reached XP level 8. HP: 77/78 MP: 7/7
  4266 | D:6      | Reached skill level 5 in Maces & Flails
  4482 | D:6      | HP: 1/79 [poisoned by a killer bee]
  4483 | D:6      | Succumbed to a killer bee's poison

Illustrated notes

Levels and vault maps discovered:
D:1:      nicolae_arrival_somewhat_less_tricky_arrival, layout_basic,
          dreamdust_ecumenical_altar_grove
D:2:      layout_rooms, uniq_sigmund
D:3:      layout_rooms, skrybe_limestone_x, serial_bayou_lake_a
D:4:      nicolae_cairo_tiling_very_big, layout_loops_ring, serial_rivers,
          chequers_serial_rivers_marsh, chequers_serial_rivers_marsh,
          chequers_serial_rivers_large_b, chequers_serial_rivers_micro_e,
          chequers_serial_rivers_small_3, uniq_natasha
D:5:      layout_basic, mainiacjoe_overflow_alcove_1,
          mainiacjoe_overflow_two_lobes
D:6:      cheibrodos_barr_body, layout_basic

Skill      XL: |  1  2  3  4  5  6  7  8 |
---------------+-------------------------+-----
Maces & Flails | 3 4 5 |  5.8
Dodging        | 3 4 |  4.3
Fighting       | 3 4 |  4.5
Axes           | 1 2 3 |  3.3
Throwing       | 1 2 |  2.4
Stealth        | 2 |  2.1
Slings         | 1 |  1.1

Action                   |  1- 3 |  4- 6 |  7- 9 || total
-------------------------+-------+-------+-------++-------
Melee: Mace              |    81 |       |       ||    81
       Punch             |     3 |     1 |     3 ||     7
       Hand axe          |    38 |   108 |    27 ||   173
       Giant club        |       |       |    49 ||    49
       Morningstar       |       |       |    58 ||    58
 Fire: Hunting sling     |       |       |    10 ||    10
Throw: Stone             |    21 |     8 |    28 ||    57
Evoke: Wand              |       |       |     1 ||     1
  Use: Scroll            |       |       |     6 ||     6
 Stab: Sleeping          |     3 |     2 |       ||     5
Armor: Robe              |    46 |    25 |    48 ||   119
Dodge: Dodged            |    62 |    42 |   103 ||   207
